 Dungeon Crawl Stone Soup version 0.31-a0-1522-g43313d8a59 (webtiles) character file.

Game seed: 121849677622324459

2 AstroCodex24 the Shield-Bearer (level 1, -1/17 HPs)
             Began as a Vampire Fighter on Dec 30, 2023.
             Slain by a quokka (3 damage)
             ... on level 1 of the Dungeon.
             The game lasted 00:00:38 (186 turns).

AstroCodex24 the Shield-Bearer (Vampire Fighter)     Turns: 186, Time: 00:00:39

Health: -1/17      AC:  6    Str: 15    XL:     1   Next: 33%
Magic:  1/1        EV:  8    Int: 10    God:
Gold:   8          SH:  4    Dex: 13    Spells: 0/0 levels left

rFire   . . .        a - +0 war axe
rCold   . . .        c - +0 buckler
rNeg    . . .        b - +0 scale mail
rPois   .            (no helmet)
rElec   .            (no cloak)
rCorr   .            (no gloves)
SInv    +            (no boots)
Will    .....        (no amulet) Stlth
                     (no ring)
HPRegen 0.42/turn    (no ring)
MPRegen 0.07/turn

%: no passive effects
@: healing quickly
A: alive, fangs 3, see invisible, vampiric 1
a: Exsanguinate


You were on level 1 of the Dungeon.
You visited 1 branch of the dungeon, and saw 1 of its levels.

You collected 8 gold pieces.

Inventory:

Hand Weapons
 a - a +0 war axe (weapon)
Armour
 b - a +0 scale mail (worn)
 c - a +0 buckler (worn)
Scrolls
 e - a scroll of identify {unknown}
Potions
 d - a potion of might


   Skills:
 + Level 2.7 Fighting
 + Level 1.7 Axes
 + Level 2.5 Armour
 + Level 2.7 Shields


You couldn't memorise any spells.
You didn't know any spells.
Your spell library contained the following spells:

 Spells                   Type           Power      Damage    Failure   Level
 Sandblast                Erth           0%         2d4       89%         1
 Passwall                 Erth           0%         N/A       99%         3
 Stone Arrow              Conj/Erth      0%         3d7       99%         3
 Brom's Barrelling Bould  Conj/Erth      0%         2d3       100%        4


Dungeon Overview and Level Annotations

Branches:
Dungeon (1/15)

Altars:


Innate Abilities, Weirdness & Mutations

Your natural rate of healing is accelerated.
You have razor-sharp teeth.
You have supernaturally acute eyesight. (SInv)
You are afflicted with vampirism.


Message History

You kill the bat!
You closely miss the hobgoblin. You block the hobgoblin's attack.
The hobgoblin hits you but does no damage.
You barely miss the hobgoblin. The hobgoblin hits you.
You slash the hobgoblin!
You kill the hobgoblin!
You pick up a book of Geomancy and begin reading...
You add the spells Sandblast, Passwall, Stone Arrow and Brom's Barrelling Boulder to your library.
Found 8 gold pieces.
You now have 8 gold pieces.
A kobold comes into view.
It is wielding a +0 short sword of holy wrath.
The kobold shouts!
A quokka comes into view.
The quokka bites you but does no damage.
The kobold barely misses you.
You closely miss the kobold. You miss the quokka.
The quokka bites you but does no damage.
The kobold hits you with a +0 short sword of holy wrath.
You convulse.
The quokka barely misses you.
You barely miss the kobold. You hit the quokka.
The kobold hits you but does no damage. You block the quokka's attack.
The kobold barely misses you.
You closely miss the kobold. You miss the quokka. The quokka bites you. x2
The kobold hits you with a +0 short sword of holy wrath.
You convulse.
You hit the kobold.
The kobold is moderately wounded.
You closely miss the quokka.
The quokka bites you but does no damage.
The kobold completely misses you. You block the quokka's attack.
The kobold hits you with a +0 short sword of holy wrath.
You convulse.
* * * LOW HITPOINT WARNING * * *
You hit the kobold.
You kill the kobold!
You completely miss the quokka. The quokka bites you.
* * * LOW HITPOINT WARNING * * *
You block the quokka's attack. The quokka bites you.
You die...

## #......# .. #......# ..
#......# .######### #......#
.#....<... #.......
#.#........
#......######.#........
#......#......#..#...#.
#....r@#.###..#........
########.#.# #..#........
#.....##.#.###..#..#...#.
#.....##.#.##...#........
#.....##.#..#.......§.≈..
#.....##.##.#..##..#.8.#.
######.....##.##.#..##........
#.............##.#...####+#+##
###.############.#....+


You could see a quokka.

Vanquished Creatures
  A hobgoblin (D:1)
  A bat (D:1)
  A kobold (D:1)
3 creatures vanquished.

Notes
Turn   | Place    | Note
-------+----------+-------------------------------------------
     0 | D:1      | AstroCodex24 the Vampire Fighter began the quest for the
                  | Orb.
     0 | D:1      | Reached XP level 1. HP: 17/17 MP: 1/1
   186 | D:1      | Slain by a quokka

Illustrated notes

Levels and vault maps discovered:
D:1:      shiori_arrival_oz, layout_basic, kennysheep_small_spiral,
          grunt_decor_mini_mirrors

Action                     || total
---------------------------++-------
  Melee: War axe           ||    15
 Armour: Scale mail        ||    24
  Dodge: Dodged            ||    15
  Block: Buckler           ||     7

Table legend: (Time is in decaauts)
 A = Elapsed time spent in this place.
 B = Non-inter-level travel time spent in this place.
 C = Inter-level travel time spent in this place.
 D = Time resting spent in this place.
 E = Time spent auto-exploring this place.
 F = Levels seen in this place.
 G = Mean time per level.
                   A        B        C        D        E       F      G
               +--------+--------+--------+--------+--------+-----+--------+
         Total |    193 |    193 |      0 |      0 |      0 |   1 |  193.0 |
       Dungeon |    193 |    193 |      0 |      0 |      0 |   1 |  193.0 |
               +--------+--------+--------+--------+--------+-----+--------+

Top non-repeatable levels by time:
     D:1: 193 daAuts
